 Dungeon Crawl Stone Soup version 0.29-a0-330-g52719c12eb (webtiles) character file.

Game seed: 3373541966052812045

629 kae the Firebug (level 7, -1/56 HPs)
             Began as a Demigod Fire Elementalist on May 30, 2022.
             Slain by a kobold brigand
             ... wielding a +3 dagger of venom
              (10 damage)
             ... on level 3 of the Dungeon.
             The game lasted 00:03:39 (5723 turns).

kae the Firebug (Demigod Fire Elementalist)         Turns: 5723, Time: 00:03:39

Health: -1/56      AC:  3    Str:  8 (9)  XL:     7   Next: 3%
Magic:  1/14       EV: 12    Int: 27 (29) God:
Gold:   235        SH:  0    Dex: 12 (14) Spells: 3/12 levels left

rFire   . . .      SeeInvis .   c - +0 dagger
rCold   . . .      Faith    .   (no shield)
rNeg    . . .      Spirit   .   a - +0 robe
rPois   .          Reflect  .   (no helmet)
rElec   .          Harm     .   (no cloak)
rCorr   .          Rampage  .   i - +0 pair of gloves
Will    +....                   (no boots)
Stlth   ++........              f - amulet of regeneration
HPRegen 0.98/turn               g - +6 ring of intelligence
MPRegen 0.14/turn               m - ring of willpower

@: no status effects
A: high MP 1, forlorn, divine attributes, dopey 1, no potion heal 1, subdued
magic 1
a: no special abilities


You were on level 3 of the Dungeon.
You visited 1 branch of the dungeon, and saw 6 of its levels.

You collected 235 gold pieces.

Inventory:

Hand Weapons
 c - a +0 dagger (weapon)
Armour
 a - a +0 robe (worn)
 i - a +0 pair of gloves (worn)
Jewellery
 f - an amulet of regeneration (around neck)
 g - a +6 ring of intelligence (left hand)
 k - a ring of wizardry
 m - a ring of willpower (right hand)
 q - a +6 ring of dexterity
Wands
 p - a wand of digging (4)
Scrolls
 e - 2 scrolls of amnesia {unknown}
 l - 2 scrolls of vulnerability
 n - 4 scrolls of identify
 r - a scroll of acquirement {unknown}
 s - a scroll of fear
 t - a scroll of teleportation {unknown}
 v - a scroll of enchant weapon {unknown}
 w - 2 scrolls of blinking {unknown}
Potions
 b - a potion of magic
 d - a potion of curing
 h - 3 potions of degeneration
 j - a potion of might {unknown}
 o - 3 potions of cancellation {unknown}
 u - a potion of lignification {unknown}


   Skills:
 + Level 2.5 Fighting
 - Level 1.7 Dodging
 - Level 1.7 Stealth
 + Level 3.0 Spellcasting
 * Level 4.1 Conjurations
 * Level 4.9 Fire Magic


You had 3 spell levels left.
You knew the following spells:

 Your Spells              Type           Power      Damage    Failure   Level
a - Foxfire               Conj/Fire      88%        2x1d8     1%          1
b - Scorch                Fire           46%        2d7       1%          2
c - Conjure Flame         Conj/Fire      22%        6-21      3%          3
d - Inner Flame           Hex/Fire       13%        N/A       8%          3

Your spell library contained the following spells:

 Spells                   Type           Power      Damage    Failure   Level
 Flame Wave               Conj/Fire      22%        2d7       11%         4


Dungeon Overview and Level Annotations

Branches:
Dungeon (6/15)             Temple (0/1) D:5

Shops:
D:2 [   D:4 *

Annotations:
D:6 Prince Ribbit


Innate Abilities, Weirdness & Mutations

You have an increased reservoir of magic. (+10% MP)
You shall have no god before yourself.
Your divine heritage dramatically boosts your attributes as you level up.
You are dopey. (Int -2)
Potions are less effective at restoring your health.
Your spells are a little easier to cast, but a little less powerful.


Message History

Your magical contamination has completely faded away.
You closely miss the kobold brigand.
The kobold brigand is heavily wounded.
The kobold brigand closely misses you.
You hit the kobold brigand.
The kobold brigand is severely wounded.
The kobold brigand hits you with a +3 dagger of venom.
You are poisoned.
The kobold brigand barely misses you.
You hit the kobold brigand.
The kobold brigand is severely wounded.
You feel yourself speed up.
You feel very sick.
The kobold brigand hits you with a +3 dagger of venom.
* * * LOW HITPOINT WARNING * * *
You are more poisoned.
Casting: Foxfire (safe; 1% risk of failure)
Confirm with . or Enter, or press ? or * to list all spells.
You conjure some foxfire!
* * * LOW HITPOINT WARNING * * *
You feel very sick.
The kobold brigand hits you with a +3 dagger of venom.
* * * LOW HITPOINT WARNING * * *
You are more poisoned.
* * * LOW HITPOINT WARNING * * *
You feel very sick.
The foxfire hits the kobold brigand but does no damage.
The kobold brigand is severely wounded.
The foxfire hits the kobold brigand.
The kobold brigand is severely wounded.
The kobold brigand hits you with a +3 dagger of venom.
* * * LOW HITPOINT WARNING * * *
Your system partially rejects the healing.
You feel better.
The kobold brigand hits you with a +3 dagger of venom.
* * * LOW HITPOINT WARNING * * *
Your system partially rejects the healing.
You feel better.
The kobold brigand hits you with a +3 dagger of venom!
You die...

#####..### #..........# #.....#)
#..# #..###.###.# #..##.#.
##..#####..###.# #.# #..##.#.
##>.............# #.# #.......
##.....#####..#### #.# #.>...##
##.......## #...## #.# ##.#.##
#.........###....####.#####....##
'.........'....K.................
#.........####..@##########....##
##.......## #..## #.#.#.#
##.....## #.## #.##.#. ##...##
#.# #.....# ##'## #.#### ####...
#.# #....# ##.# ####.## ####.#
#.# #....(# #.# #.# #.#...## #.#
#.#


You could see a kobold brigand.

Vanquished Creatures
  A sky beast (D:6)
  An ice beast (D:6)
  A phantom (D:6)
  2 jellies (D:6)
  2 orc priests
  2 orc wizards (D:6)
  Robin (D:3)
  3 adders
  5 gnolls
  A worm (D:4)
  A dart slug (D:1)
  9 orcs
  8 endoplasms
  2 giant cockroaches
  9 goblins
  16 hobgoblins
  6 jackals (D:2)
  5 quokkas
  8 ball pythons
  6 bats
  5 frilled lizards
  7 kobolds
  3 rats
104 creatures vanquished.

Vanquished Creatures (collateral kills)
  7 foxfires (D:2)
7 creatures vanquished.

Vanquished Creatures (others)
  327 foxfires
  3 fungi (D:2)
  A plant (D:2)
331 creatures vanquished.

Grand Total: 442 creatures vanquished

Notes
Turn   | Place    | Note
-------+----------+-------------------------------------------
     0 | D:1      | kae the Demigod Fire Elementalist began the quest for the
                  | Orb.
     0 | D:1      | Reached XP level 1. HP: 14/14 MP: 5/5
    30 | D:1      | Reached skill level 1 in Conjurations
   356 | D:1      | Gained mutation: You are dopey. (Int -2) [potion of
                  | mutation]
   356 | D:1      | Gained mutation: Your spells are a little easier to cast,
                  | but a little less powerful. [potion of mutation]
   356 | D:1      | Gained mutation: Potions are less effective at restoring
                  | your health. [potion of mutation]
   595 | D:1      | Reached XP level 2. HP: 22/22 MP: 1/7
  1066 | D:1      | Learned a level 2 spell: Scorch
  1127 | D:1      | Reached XP level 3. HP: 27/27 MP: 6/8
  1131 | D:1      | Learned a level 3 spell: Conjure Flame
  1825 | D:2      | Found Vekuxith's Antique Armour Emporium.
  1968 | D:2      | Reached skill level 1 in Fighting
  2664 | D:3      | Noticed Robin
  2674 | D:3      | Killed Robin
  2677 | D:3      | Reached XP level 4. HP: 24/35 MP: 3/9
  2974 | D:3      | You fall into a shaft and drop 3 floors!
  2974 | D:6      | Noticed Prince Ribbit
  3237 | D:6      | Noticed an ice beast
  3257 | D:6      | Killed an ice beast
  3258 | D:6      | Reached XP level 5. HP: 41/41 MP: 0/11
  3383 | D:6      | Reached XP level 6. HP: 48/48 MP: 5/12
  3792 | D:5      | Entered Level 5 of the Dungeon
  3979 | D:5      | Found a staircase to the Ecumenical Temple.
  5122 | D:4      | Learned a level 3 spell: Inner Flame
  5263 | D:4      | Found Sueqef's Gadget Gallery.
  5464 | D:4      | Reached XP level 7. HP: 56/56 MP: 9/14
  5723 | D:3      | Slain by a kobold brigand

Illustrated notes

Levels and vault maps discovered:
D:1:      dpeg_arrival_renting, layout_basic
D:2:      layout_basic, serial_shops, nicolae_diamond_shop, basic_altar,
          dreamdust_ecumenical_altar_grove
D:3:      layout_loops_corners, overflow_temple_1_default, hex_tiny, uniq_robin
D:4:      cheibrodos_thug_alley, layout_loops_cross, ashenzari_altar_1,
          nicolae_shop_gadgets
D:5:      layout_basic, nicolae_hepliaklqana_monster_ancestors,
          minmay_temple_entry_tees, gammafunk_ghost_grave
D:6:      layout_loops_corners, mainiacjoe_overflow_catwalk,
          serial_bayou_ford_a, uniq_prince_ribbit1

Skill      XL: |  1  2  3  4  5  6 |
---------------+-------------------+-----
Conjurations   | 1 2 3 4 |  4.1
Fire Magic     | 3 4 |  4.9
Spellcasting   | 2 3 |  3.0
Fighting       | 1 2 |  2.5
Dodging        | |  1.7
Stealth        | |  1.7

Action                   |  1- 3 |  4- 6 |  7- 9 || total
-------------------------+-------+-------+-------++-------
Melee: Unarmed           |    17 |       |       ||    17
       Dagger            |     5 |    20 |     3 ||    28
 Cast: Foxfire           |   113 |    75 |    15 ||   203
       Scorch            |     1 |    28 |     5 ||    34
       Conjure Flame     |       |     3 |       ||     3
  Use: Potion            |     2 |     1 |     4 ||     7
       Scroll            |     4 |     1 |       ||     5
Armor: Robe              |    15 |     9 |     1 ||    25
Dodge: Dodged            |    59 |    55 |     8 ||   122

Table legend: (Time is in decaauts)
 A = Elapsed time spent in this place.
 B = Non-inter-level travel time spent in this place.
 C = Inter-level travel time spent in this place.
 D = Time resting spent in this place.
 E = Time spent auto-exploring this place.
 F = Levels seen in this place.
 G = Mean time per level.
                   A        B        C        D        E       F      G
               +--------+--------+--------+--------+--------+-----+--------+
         Total |   5725 |   5627 |     98 |    377 |   4332 |   6 |  954.2 |
       Dungeon |   5725 |   5627 |     98 |    377 |   4332 |   6 |  954.2 |
               +--------+--------+--------+--------+--------+-----+--------+

Top non-repeatable levels by time:
     D:3: 1316 daAuts
     D:2: 1313 daAuts
     D:1: 1268 daAuts
     D:6: 900 daAuts
     D:4: 807 daAuts
     D:5: 118 daAuts
